 Dungeon Crawl Stone Soup version 0.27-a0-1277-g3808f8b1c9 (webtiles) character file.

Game seed: 8882881624015592402

151 Glokmah the Ducker (level 5, -1/70 HPs)
             Began as a Gnoll Monk on June 12, 2021.
             Was an Initiate of Gozag.
             Succumbed to an orc wizard's poison
             ... on level 3 of the Dungeon.
             The game lasted 00:04:32 (2543 turns).

Glokmah the Ducker (Gnoll Monk)                     Turns: 2543, Time: 00:04:32

Health: -1/70      AC: 22    Str: 11    XL:     5   Next: 33%
Magic:  7/7        EV:  2    Int:  9    God:    Gozag
Gold:   181        SH:  0    Dex: 15    Spells: 6/6 levels left

rFire    . . .     SeeInvis .   a - +0 spear
rCold    . . .     Faith    .   (no shield)
rNeg     + + +     Spirit   .   (armour currently unavailable)
rPois    +         Reflect  .   (helmet currently unavailable)
rElec    .         Harm     .   (cloak currently unavailable)
rCorr    .         Rampage  .   (gloves currently unavailable)
Will     .....     NoTele   +   (boots currently unavailable)
Stlth    +++.......             (no amulet)
HPRegen  0.21/turn              (no ring)
MPRegen  0.10/turn              (no ring)

@: lethally poisoned (-1 -> -21), tree-form
A: stationary, stasis, torment immunity, boosted hp, (fangs 1), strong nose,
distributed training
a: Renounce Religion, Potion Petition, Call Merchant, Bribe Branch


You were on level 3 of the Dungeon.
You worshipped Gozag.
Gozag was aware of your devotion.
You were a tree.
You visited 1 branch of the dungeon, and saw 3 of its levels.

You collected 181 gold pieces.

Inventory:

Hand Weapons
 a - a +0 spear (weapon)
 g - a +1 vampiric dagger
 i - a +2 dagger of speed
Missiles
 f - 108 stones (quivered)
 k - 13 poisoned darts
Armour
 e - a +0 pair of boots (melded)
 n - a +0 cloak (melded)
 o - a +0 ring mail (melded)
Scrolls
 b - a scroll of silence {unknown}
 c - a scroll of summoning {unknown}
 l - a scroll of fog {unknown}
 m - a scroll of identify {unknown}


   Skills:
 + Level 6.7 Fighting
 + Level 1.4 Short Blades
 + Level 1.4 Long Blades
 + Level 1.4 Axes
 + Level 1.4 Maces & Flails
 + Level 6.7 Polearms
 + Level 1.4 Staves
 + Level 1.4 Slings
 + Level 1.4 Bows
 + Level 1.4 Crossbows
 + Level 1.4 Throwing
 + Level 1.4 Armour
 + Level 6.7 Dodging
 + Level 4.4 Stealth
 + Level 1.4 Shields
 + Level 1.4 Unarmed Combat
 + Level 1.4 Spellcasting
 + Level 1.1 Conjurations
 + Level 1.1 Hexes
 + Level 1.1 Summonings
 + Level 1.1 Necromancy
 + Level 1.1 Translocations
 + Level 1.1 Transmutations
 + Level 1.1 Fire Magic
 + Level 1.1 Ice Magic
 + Level 1.1 Air Magic
 + Level 1.1 Earth Magic
 + Level 1.1 Poison Magic
 + Level 1.6 Invocations
 + Level 1.4 Evocations


You had 6 spell levels left.
You didn't know any spells.
Your spell library contained the following spells:

 Spells                   Type           Power      Damage    Failure   Level
 Foxfire                  Conj/Fire      8%         2x1d4     22%         1
 Conjure Flame            Conj/Fire      2%         6-21      54%         3
 Inner Flame              Hex/Fire       2%         N/A       54%         3
 Sticky Flame             Conj/Fire      2%         2d3       91%         4
 Fireball                 Conj/Fire      1%         3d3       99%         5


Dungeon Overview and Level Annotations

Branches:
Dungeon (3/15)

Altars:
Gozag
Makhleb
Okawaru

Shops:
D:3 *

Annotations:
D:3 2 transporters


Innate Abilities, Weirdness & Mutations

You are a tree.
Your roots penetrate the ground, keeping you stationary.
You cannot be teleported.
You are immune to unholy pain and torment.
Your maximum health is greatly increased.
Your equipment is partially melded.
((You have very sharp teeth.))
Your uncanny sense of smell can sniff out nearby items.
Your experience applies equally to all skills.


Message History

A magic dart appears from out of thin air!
The magic dart hits you!
* * * LOW HITPOINT WARNING * * *
You feel better. Something hits you but does no damage.
You are poisoned.
You miss something.
You feel sick. Something hits you.
* * * LOW HITPOINT WARNING * * *
You barely miss something.
You feel sick.
You hear some strange, mumbled words.
A puff of flame appears from out of thin air!
The puff of flame hits you.
* * * LOW HITPOINT WARNING * * *
You feel better. Something hits you but does no damage.
You are poisoned.
You feel better. Something hits you but does no damage.
You are poisoned.
You hit something but do no damage. You bite something.
You feel sick. Something hits you but does no damage.
You are more poisoned.
You hit something.
You feel very sick.
Your ring mail prevents you from hitting something.
You bite something.
You feel sick. Something hits you.
* * * LOW HITPOINT WARNING * * *
You are more poisoned.
You hit something but do no damage.
* * * LOW HITPOINT WARNING * * *
You feel very sick. Something hits you but does no damage.
You are more poisoned.
You hit something. Your bite misses something.
* * * LOW HITPOINT WARNING * * *
You feel very sick. Something hits you but does no damage.
It was a potion of lignification.
You turn into a tree.
Your +0 cloak melds into your body.
Your +0 pair of boots melds into your body.
Your +0 ring mail melds into your body.
Your roots penetrate the ground.
You die...
Your body crumbles into a pile of gold.

#(. #o#
#.# #.#
#.#
#.########
#.##.....#
∆
#.##.....#
#...{♣...#
####.....#
#####.#
#.##### .#
#.....#
...#
#####.#
...#
#.####...#
#........#
#)......#


There were no monsters in sight!

Vanquished Creatures
  Jessica (D:3)
  2 orc wizards (D:3)
  2 adders (D:2)
  3 orcs (D:2)
  3 ball pythons (D:1)
  5 endoplasms
  2 giant cockroaches (D:1)
  4 goblins
  4 hobgoblins
  9 jackals (D:1)
  4 kobolds
  2 quokkas
  5 bats
  A frilled lizard (D:2)
  4 rats
51 creatures vanquished.

Notes
Turn   | Place    | Note
-------+----------+-------------------------------------------
     0 | D:1      | Glokmah the Gnoll Monk began the quest for the Orb.
     0 | D:1      | Reached XP level 1. HP: 23/23 MP: 1/1
    64 | D:1      | Reached XP level 2. HP: 24/29 MP: 2/2
   416 | D:1      | Reached XP level 3. HP: 32/35 MP: 3/3
  1399 | D:2      | Reached skill level 1 in Invocations
  1419 | D:2      | Reached skill level 1 in Short Blades
  1419 | D:2      | Reached skill level 1 in Long Blades
  1419 | D:2      | Reached skill level 1 in Axes
  1419 | D:2      | Reached skill level 1 in Maces & Flails
  1419 | D:2      | Reached skill level 1 in Staves
  1419 | D:2      | Reached skill level 1 in Slings
  1419 | D:2      | Reached skill level 1 in Bows
  1419 | D:2      | Reached skill level 1 in Crossbows
  1419 | D:2      | Reached skill level 1 in Throwing
  1419 | D:2      | Reached skill level 1 in Armour
  1419 | D:2      | Reached skill level 1 in Shields
  1419 | D:2      | Reached skill level 1 in Unarmed Combat
  1419 | D:2      | Reached skill level 1 in Spellcasting
  1419 | D:2      | Reached skill level 1 in Evocations
  1419 | D:2      | Reached XP level 4. HP: 36/41 MP: 5/5
  2044 | D:3      | Found an opulent altar of Gozag.
  2044 | D:3      | Found Gozag's Platinum Reserve.
  2047 | D:3      | Noticed Jessica
  2055 | D:3      | Killed Jessica
  2056 | D:3      | Reached skill level 1 in Conjurations
  2056 | D:3      | Reached skill level 1 in Hexes
  2056 | D:3      | Reached skill level 1 in Summonings
  2056 | D:3      | Reached skill level 1 in Necromancy
  2056 | D:3      | Reached skill level 1 in Translocations
  2056 | D:3      | Reached skill level 1 in Transmutations
  2056 | D:3      | Reached skill level 1 in Fire Magic
  2056 | D:3      | Reached skill level 1 in Ice Magic
  2056 | D:3      | Reached skill level 1 in Air Magic
  2056 | D:3      | Reached skill level 1 in Earth Magic
  2056 | D:3      | Reached skill level 1 in Poison Magic
  2064 | D:3      | Became a worshipper of Gozag Ym Sagoz the Greedy
  2092 | D:3      | Found a burning altar of Makhleb.
  2092 | D:3      | Noticed a cacodemon
  2154 | D:3      | Reached XP level 5. HP: 37/47 MP: 6/6
  2464 | D:3      | Noticed an ice beast
  2465 | D:3      | Found an iron altar of Okawaru.
  2468 | D:3      | Found a transporter.
  2476 | D:3      | Found a transporter.
  2543 | D:3      | Succumbed to an orc wizard's poison

Illustrated notes

Levels and vault maps discovered:
D:1:      dpeg_arrival_stone_temple_mockup, layout_basic,
          chequers_serial_rivers_large_a
D:2:      layout_loops_ring
D:3:      layout_basic, nicolae_gozag_zags_fifth_avenue,
          nicolae_yredelemnul_corpse_copse, makhleb_altar_promises_db,
          nicolae_dithmenos_through_a_glass_darkly,
          gammafunk_temple_overflow_arena,
          hellmonk_ecumenical_altar_leap_of_faith, uniq_jessica, uniq_sigmund

Skill      XL: |  1  2  3  4 |
---------------+-------------+-----
Invocations    | 1 |  1.6
Short Blades   | 1 |  1.4
Long Blades    | 1 |  1.4
Axes           | 1 |  1.4
Maces & Flails | 1 |  1.4
Staves         | 1 |  1.4
Slings         | 1 |  1.4
Bows           | 1 |  1.4
Crossbows      | 1 |  1.4
Throwing       | 1 |  1.4
Armour         | 1 |  1.4
Shields        | 1 |  1.4
Unarmed Combat | 1 |  1.4
Spellcasting   | 1 |  1.4
Evocations     | 1 |  1.4
Conjurations   | 1 |  1.1
Hexes          | 1 |  1.1
Summonings     | 1 |  1.1
Necromancy     | 1 |  1.1
Translocations | 1 |  1.1
Transmutations | 1 |  1.1
Fire Magic     | 1 |  1.1
Ice Magic      | 1 |  1.1
Air Magic      | 1 |  1.1
Earth Magic    | 1 |  1.1
Poison Magic   | 1 |  1.1
Fighting       | |  6.7
Polearms       | |  6.7
Dodging        | |  6.7
Stealth        | |  4.4

Action                   |  1- 3 |  4- 6 || total
-------------------------+-------+-------++-------
Melee: Spear             |   111 |   121 ||   232
       Bite              |     7 |     8 ||    15
Throw: Stone             |       |     1 ||     1
  Use: Potion            |       |     5 ||     5
 Stab: Sleeping          |     8 |     4 ||    12
Armor: Robe              |     6 |       ||     6
       Leather armour    |    13 |     3 ||    16
       Ring mail         |       |    31 ||    31
Dodge: Dodged            |    51 |    30 ||    81

Table legend: (Time is in decaauts)
 A = Elapsed time spent in this place.
 B = Non-inter-level travel time spent in this place.
 C = Inter-level travel time spent in this place.
 D = Time resting spent in this place.
 E = Time spent auto-exploring this place.
 F = Levels seen in this place.
 G = Mean time per level.
                   A        B        C        D        E       F      G
               +--------+--------+--------+--------+--------+-----+--------+
         Total |   2511 |   2268 |    243 |    172 |   1545 |   3 |  837.0 |
       Dungeon |   2511 |   2268 |    243 |    172 |   1545 |   3 |  837.0 |
               +--------+--------+--------+--------+--------+-----+--------+

Top non-repeatable levels by time:
     D:1: 1236 daAuts
     D:2: 995 daAuts
     D:3: 279 daAuts
